[Event "EYCC Girls U10 2021"]
[Site "Tornelo"]
[Date "2021.10.15"]
[Round "4.10"]
[White "Kuzmina, Sofya Vl"]
[Black "Bubnova, Uliana"]
[Result "0-1"]
[ECO "A20"]
[WhiteElo "1102"]
[BlackElo "1333"]
[Annotator "NA"]
[PlyCount "108"]
[EventDate "2021.10.15"]
[EventType "swiss"]
[EventCountry "NET"]
[SourceTitle "playchess.com"]
[Source "ChessBase"]
[SourceQuality "1"]
[TimeControl "5400+30"]

1. d4 d5 2. c4 e6 3. g3 c5 4. Bg2 cxd4 5. cxd5 exd5 6. Qxd4 Be6 7. Nf3 Nc6 8. Qd1 Nf6 9. O-O Be7 10. Nc3 O-O 11. b3 Qc7 12. Bb2 Rad8 13. Rc1 Qd7 14. Nd4 Bh3 15. Nxc6 bxc6 16. Qd4 Bxg2 17. Kxg2 c5 18. Qa4 Qb7 19. Qb5 Qa8 20. Kg1 Qc8 21. Kg2 Qe6 22. Qd3 c4 23. Qd4 cxb3 24. axb3 a6 25. f4 Rc8 26. f5 Qd7 27. Rcd1 Bc5 28. Qa4 Qb7 29. Kh3 d4 30. Nb1 Qe4 31. Rf2 Qc2 32. Rff1 Qxe2 33. Bxd4 Qg4+ 34. Kg2 Bxd4 35. Qxd4 Rc2+ 36. Rf2 Rxf2+ 37. Kxf2 Qxf5+ 38. Kg2 Qc2+ 39. Qd2 Qxb3 40. Qd3 Qb6 41. Nc3 Ng4 42. Rd2 Ne3+ 43. Kf3 Re8 44. Ne4 Nf5 45. g4 Nh4+ 46. Kg3 Ng6 47. Qf3 Qg1+ 48. Kh3 Ne5 49. Qf4 Ng6 50. Qf3 a5 51. Rf2 Rf8 52. Ng5 Ne5 53. Qf5 g6 54. Qf4 Nd3 0-1

[Event "EYCC Girls U10 2021"]
[Site "Tornelo"]
[Date "2021.10.15"]
[Round "5.1"]
[White "Aydogan, Arya"]
[Black "Preobrazhenskaya, Diana"]
[Result "1/2-1/2"]
[ECO "B52"]
[WhiteElo "1250"]
[BlackElo "1764"]
[Annotator "NA RC"]
[PlyCount "85"]
[EventDate "2021.10.15"]
[EventType "swiss"]
[EventCountry "NET"]
[SourceTitle "playchess.com"]
[Source "ChessBase"]
[SourceQuality "1"]
[TimeControl "5400+30"]

1. e4 c5 2. Nf3 d6 3. Bb5+ Bd7 4. Bxd7+ Qxd7 5. O-O Nc6 6. c3 Nf6 7. Re1 g6 8. d4 cxd4 9. cxd4 Bg7 10. d5 Na5 11. Bd2 Nc4 12. Bc3 O-O 13. b3 Nb6 14. Nbd2 Rac8 15. Rc1 Rxc3 16. Rxc3 Nfxd5 17. Rc1 Nf4 18. Nf1 Qg4 19. Ng3 h5 20. h3 Qd7 21. Ne2 Nxh3+ 22. gxh3 Qxh3 23. Nf4 Qg4+ 24. Ng2 Nd7 25. Nh2 Qg5 26. f4 Qa5 27. Re2 Nc5 28. Kh1 Qb5 29. e5 dxe5 30. fxe5 Nd3 31. Rc3 Rd8 32. Qc2 Kh7 33. Rd2 Nb4 34. Qd1 Nxa2 35. Rcc2 Rxd2 36. Rxd2 Nc3 37. Qf3 Qxe5 38. Qxf7 Ne4 39. Rd5 Ng3+ 40. Kg1 Ne2+ 41. Kh1 Ng3+ 42. Kg1 Ne2+ 43. Kh1 1/2-1/2

[Event "EYCC Girls U10 2021"]
[Site "Tornelo"]
[Date "2021.10.15"]
[Round "5.2"]
[White "Sultanova, Kristina"]
[Black "Sokolova, Regina"]
[Result "1-0"]
[ECO "B12"]
[WhiteElo "1293"]
[BlackElo "1364"]
[Annotator "NA RC"]
[PlyCount "193"]
[EventDate "2021.10.15"]
[EventType "swiss"]
[EventCountry "NET"]
[SourceTitle "playchess.com"]
[Source "ChessBase"]
[SourceQuality "1"]
[TimeControl "5400+30"]

1. e4 c6 2. d4 d5 3. e5 Bf5 4. Bd3 Bxd3 5. Qxd3 e6 6. Ne2 Qa5+ 7. Nd2 Qa6 8. c4 Ne7 9. b3 Ng6 10. O-O Be7 11. f4 Nh4 12. Ng3 g6 13. Qc2 Nd7 14. Bb2 Nf5 15. Rfe1 Qb6 16. Nf3 h6 17. Nxf5 gxf5 18. Rac1 O-O 19. h3 Kh8 20. Kh2 Rg8 21. Re2 Rac8 22. c5 Qd8 23. g3 Nf8 24. Rg2 Ng6 25. Rcg1 Qf8 26. Bc1 h5 27. h4 Kg7 28. Ng5 Bxg5 29. fxg5 Rh8 30. Bf4 Qe7 31. b4 a6 32. a4 Ra8 33. Qb3 Rhb8 34. Ra2 b6 35. Qc3 b5 36. axb5 axb5 37. Rga1 Qb7 38. Ra5 Rxa5 39. Rxa5 Ra8 40. Qa3 Rxa5 41. Qxa5 Qc8 42. Qa7 Kg8 43. Kh3 Kg7 44. Bc1 Kg8 45. Qa5 Kg7 46. Qa3 Ne7 47. Qe3 Ng6 48. Qf3 Qh8 49. Bd2 Ne7 50. Bc1 Ng6 51. Kg2 Ne7 52. Qa3 Qc8 53. Kf2 Ng6 54. Ke2 Ne7 55. Kd3 Ng6 56. Kc2 Ne7 57. Kb2 Ng6 58. Bd2 Ne7 59. Qf3 Qh8 60. g6 fxg6 61. Bg5 Kf7 62. Qa3 Qb8 63. Qa5 Ke8 64. Qa6 Qc8 65. Qa7 Qd7 66. Qb8+ Qc8 67. Qd6 Qd7 68. Bxe7 Qxe7 69. Qxc6+ Kf8 70. Qd6 f4 71. gxf4 Kf7 72. Qxe7+ Kxe7 73. Kc3 Kd7 74. Kd3 Kc6 75. Ke3 Kd7 76. f5 exf5 77. Kf4 Kd8 78. Kg5 Ke7 79. c6 Ke6 80. c7 Kd7 81. e6+ Kxc7 82. Kf6 f4 83. e7 f3 84. e8=Q f2 85. Qxb5 Kd6 86. Qf1 Kc6 87. Qxf2 Kd6 88. b5 Kc7 89. Qb2 Kb6 90. Ke7 Kc7 91. b6+ Kb7 92. Kd7 Kb8 93. b7 g5 94. Qb6 gxh4 95. Qc7+ Ka7 96. b8=Q+ Ka6 97. Qbb6# 1-0

[Event "EYCC Girls U10 2021"]
[Site "Tornelo"]
[Date "2021.10.15"]
[Round "5.4"]
[White "Bubnova, Uliana"]
[Black "Bashirli, Saadat"]
[Result "0-1"]
[ECO "B36"]
[WhiteElo "1333"]
[BlackElo "1284"]
[Annotator "NA RC"]
[PlyCount "124"]
[EventDate "2021.10.15"]
[EventType "swiss"]
[EventCountry "NET"]
[SourceTitle "playchess.com"]
[Source "ChessBase"]
[SourceQuality "1"]
[TimeControl "5400+30"]

1. e4 c5 2. Nf3 g6 3. d4 cxd4 4. Nxd4 Nc6 5. c4 Nf6 6. Nc3 Nxd4 7. Qxd4 d6 8. Be3 Bg7 9. f3 Be6 10. Be2 O-O 11. Qd2 Re8 12. O-O Bd7 13. Rac1 a5 14. Nd5 Nxd5 15. cxd5 b5 16. Bd4 Bxd4+ 17. Qxd4 a4 18. a3 Qa5 19. Kh1 Rec8 20. Qe3 b4 21. Rxc8+ Rxc8 22. Qd2 Rb8 23. Bc4 Qc5 24. Rc1 bxa3 25. bxa3 Qxa3 26. Rg1 Qb2 27. Qa5 a3 28. h3 Qb4 29. Qc7 Qb7 30. Qxb7 Rxb7 31. Ra1 Ra7 32. Kg1 Kf8 33. Kf2 Ke8 34. Ke3 Kd8 35. Kd3 Kc7 36. Kc3 Kb6 37. f4 Kc5 38. Rc1 Bb5 39. Ba2 Kb6 40. Rb1 Ra4 41. Re1 Kc5 42. g3 Rd4 43. Re3 Rd1 44. Kc2 Ba4+ 45. Kc3 Rc1+ 46. Kd3 Ra1 47. Bc4 Rd1+ 48. Ke2 Kxc4 49. Rxa3 Bc2 50. Ra7 Rd4 51. Rc7+ Kb3 52. Rb7+ Rb4 53. Rxb4+ Kxb4 54. Ke3 Kc4 55. g4 f6 56. h4 h6 57. f5 g5 58. h5 Kc3 59. e5 dxe5 60. Ke2 Kd4 61. Kd2 Bb3 62. Ke2 Kxd5 0-1

[Event "EYCC Girls U10 2021"]
[Site "Tornelo"]
[Date "2021.10.15"]
[Round "5.5"]
[White "Radu, Antonia"]
[Black "Asachenko, Ksenia"]
[Result "0-1"]
[ECO "B43"]
[WhiteElo "1204"]
[BlackElo "1382"]
[Annotator "NA RC"]
[PlyCount "108"]
[EventDate "2021.10.15"]
[EventType "swiss"]
[EventCountry "NET"]
[SourceTitle "playchess.com"]
[Source "ChessBase"]
[SourceQuality "1"]
[TimeControl "5400+30"]

1. e4 c5 2. Nf3 e6 3. d4 cxd4 4. Nxd4 a6 5. Nc3 Qc7 6. Bd3 Nf6 7. Qf3 Bb4 8. Bd2 Qe5 9. Nb3 d5 10. O-O Bxc3 11. Bxc3 dxe4 12. Bxe4 Qxe4 13. Qxe4 Nxe4 14. Bxg7 Rg8 15. Bd4 b5 16. f3 Nd6 17. Rad1 Nd7 18. Na5 Nc4 19. Nxc4 bxc4 20. h4 Bb7 21. Kh2 O-O-O 22. Bc3 Rg6 23. Ba5 Rdg8 24. Rf2 Rh6 25. Kh3 Ne5 26. Rfd2 Bd5 27. Bb6 Kb7 28. Be3 Rhg6 29. Bf4 Nc6 30. Rf2 Ne7 31. g4 h6 32. h5 Rf6 33. Kg3 Nf5+ 34. Kh2 Nh4 35. Kh3 Nxf3 36. Rxf3 Bxf3 37. Rd7+ Ka8 38. Be5 Bxg4+ 39. Kh4 Rf5 40. Bc3 Rxh5+ 41. Kg3 Rh3+ 42. Kf4 e5+ 43. Kxe5 Bxd7 44. Kf6 Rf3+ 45. Ke7 Be6 46. Kd6 h5 47. Kc6 h4 48. Be5 h3 49. Kb6 Rg5 50. Bc7 Rb5+ 51. Kxa6 Rxb2 52. a4 Bc8+ 53. Ka5 Rf5+ 54. Be5 Rxe5# 0-1

[Event "EYCC Girls U10 2021"]
[Site "Tornelo"]
[Date "2021.10.15"]
[Round "5.6"]
[White "Mateeva, Yana"]
[Black "Zeybek, Kayla Nil"]
[Result "0-1"]
[ECO "A45"]
[WhiteElo "1299"]
[BlackElo "1221"]
[Annotator "NA RC"]
[PlyCount "66"]
[EventDate "2021.10.15"]
[EventType "swiss"]
[EventCountry "NET"]
[SourceTitle "playchess.com"]
[Source "ChessBase"]
[SourceQuality "1"]
[TimeControl "5400+30"]

1. d4 Nf6 2. Bf4 d6 3. Nc3 Bf5 4. Nf3 g6 5. Nh4 Bd7 6. e4 Bg7 7. Qd2 O-O 8. Bh6 e5 9. dxe5 Bxh6 10. Qxh6 Ng4 11. Qf4 Qxh4 12. h3 Qh6 13. Qg3 Nxe5 14. Nd5 Na6 15. f4 Nc6 16. O-O-O Qg7 17. Bc4 Nab4 18. Nxc7 Rac8 19. Nb5 Nd4 20. Nxd4 Rxc4 21. a3 Rxd4 22. axb4 Rxb4 23. c3 Rb6 24. e5 Bf5 25. Rd5 Ra6 26. Kd2 dxe5 27. fxe5 Ra2 28. Rd1 Qh6+ 29. Ke2 Rxb2+ 30. Kf3 Qh5+ 31. Kf4 Qe2 32. Rd8 Qe4+ 33. Kg5 Kg7 0-1

[Event "EYCC Girls U10 2021"]
[Site "Tornelo"]
[Date "2021.10.15"]
[Round "5.7"]
[White "Blinova, Sofia"]
[Black "Huseynova, Dinara"]
[Result "1-0"]
[ECO "B18"]
[WhiteElo "1297"]
[BlackElo "1210"]
[Annotator "NA RC"]
[PlyCount "115"]
[EventDate "2021.10.15"]
[EventType "swiss"]
[EventCountry "NET"]
[SourceTitle "playchess.com"]
[Source "ChessBase"]
[SourceQuality "1"]
[TimeControl "5400+30"]

1. e4 c6 2. d4 d5 3. Nc3 dxe4 4. Nxe4 Bf5 5. Ng3 Bg6 6. Nf3 Nd7 7. Be2 Ngf6 8. Be3 e6 9. Qd2 Nd5 10. O-O Be7 11. a3 O-O 12. c4 N5b6 13. Rad1 Bf6 14. b3 Qe7 15. a4 Rfd8 16. a5 Nc8 17. Bd3 Bxd3 18. Qxd3 Nf8 19. Ne4 h6 20. Nxf6+ Qxf6 21. Ne5 Nd7 22. Nxd7 Rxd7 23. Rd2 Ne7 24. g4 Rad8 25. Qe2 Ng6 26. f4 Qe7 27. Qf2 Qb4 28. f5 exf5 29. gxf5 Nf8 30. f6 g6 31. Bxh6 Qxb3 32. Qh4 Qb4 33. Bg7 Nh7 34. Rd3 Qxa5 35. d5 Qc5+ 36. Kh1 Rxd5 37. cxd5 Rxd5 38. Re1 Rh5 39. Rd8+ Nf8 40. Rxf8+ Qxf8 41. Qxh5 gxh5 42. Bxf8 Kxf8 43. Re7 b5 44. Rxa7 Ke8 45. Rc7 b4 46. Rxc6 b3 47. Rb6 Kd7 48. Rxb3 Ke6 49. Rf3 Ke5 50. Kg2 Ke6 51. Kh3 Ke5 52. Kh4 Ke6 53. Kxh5 Ke5 54. Kg4 Ke6 55. h4 Ke5 56. h5 Ke6 57. h6 Ke5 58. h7 1-0

[Event "EYCC Girls U10 2021"]
[Site "Tornelo"]
[Date "2021.10.15"]
[Round "5.8"]
[White "Miroshnik, Irina"]
[Black "Lajdamik, Kinga"]
[Result "0-1"]
[ECO "E13"]
[WhiteElo "1147"]
[BlackElo "1367"]
[Annotator "NA RC"]
[PlyCount "134"]
[EventDate "2021.10.15"]
[EventType "swiss"]
[EventCountry "NET"]
[SourceTitle "playchess.com"]
[Source "ChessBase"]
[SourceQuality "1"]
[TimeControl "5400+30"]

1. d4 Nf6 2. c4 e6 3. Nc3 Bb4 4. Bg5 h6 5. Bh4 b6 6. e3 Bb7 7. Nf3 O-O 8. Bd3 d5 9. cxd5 exd5 10. O-O Re8 11. Rc1 Nbd7 12. Ne2 Bd6 13. a3 Qb8 14. Bg3 c6 15. Bxd6 Qxd6 16. Nf4 Kh8 17. b4 a6 18. Nh4 Nf8 19. Nf5 Qd7 20. Nh5 Nxh5 21. Qxh5 Qe6 22. Nh4 Qf6 23. Nf3 Rac8 24. Ne5 Rc7 25. a4 Rec8 26. Rc2 Ne6 27. Rfc1 c5 28. Ng4 Qg5 29. Qxg5 hxg5 30. bxc5 bxc5 31. dxc5 Rxc5 32. Rxc5 Nxc5 33. Ne5 Rc7 34. Nxf7+ Rxf7 35. Rxc5 Kg8 36. Bg6 Rd7 37. Bf5 Re7 38. h3 Kf7 39. Bg4 Kf6 40. Bf3 Rd7 41. g4 g6 42. Kf1 Ke5 43. Ke2 Kd6 44. Rc2 a5 45. Rd2 Kc5 46. Rd4 Ba6+ 47. Ke1 Bc4 48. Be2 Rb7 49. Rd1 Rb2 50. Bxc4 dxc4 51. Ra1 c3 52. f3 Rh2 53. Rd1 c2 54. Rc1 Kc4 55. e4 Kd3 56. Rxc2 Rxc2 57. e5 Re2+ 58. Kf1 Rxe5 59. h4 gxh4 60. f4 Re4 61. g5 Rxf4+ 62. Kg2 Rxa4 63. Kh3 Ke3 64. Kh2 Kf3 65. Kh3 Ra1 66. Kh2 h3 67. Kxh3 Rh1# 0-1

[Event "EYCC Girls U10 2021"]
[Site "Tornelo"]
[Date "2021.10.15"]
[Round "5.9"]
[White "Kutateladze, Anastasia"]
[Black "Sunea, Sara Maria"]
[Result "1-0"]
[ECO "B33"]
[WhiteElo "1137"]
[BlackElo "1342"]
[Annotator "NA RC"]
[PlyCount "81"]
[EventDate "2021.10.15"]
[EventType "swiss"]
[EventCountry "NET"]
[SourceTitle "playchess.com"]
[Source "ChessBase"]
[SourceQuality "1"]
[TimeControl "5400+30"]

1. e4 c5 2. Nf3 Nc6 3. d4 cxd4 4. Nxd4 Nf6 5. Nc3 e5 6. Nb3 Bb4 7. f3 d5 8. exd5 Nxd5 9. Bd2 Bxc3 10. Bxc3 Nxc3 11. Qxd8+ Kxd8 12. bxc3 b6 13. O-O-O+ Kc7 14. Bc4 f6 15. Bd5 Bb7 16. Rd2 Rad8 17. Rhd1 Rd6 18. Be4 Rxd2 19. Nxd2 Na5 20. Bxb7 Kxb7 21. Ne4 Kc7 22. Nd6 a6 23. Nf5 g6 24. Ne7 f5 25. Nd5+ Kb7 26. Nb4 Nc6 27. Rd7+ Kc8 28. Rf7 Nxb4 29. cxb4 Re8 30. Rxh7 e4 31. fxe4 Rxe4 32. a3 Re2 33. g3 Re3 34. Kb2 Kb8 35. Rh6 Re6 36. h4 Rc6 37. h5 Kb7 38. Rxg6 Rc7 39. h6 Kc8 40. Rg8+ Kb7 41. Rg7 1-0

[Event "EYCC Girls U10 2021"]
[Site "Tornelo"]
[Date "2021.10.15"]
[Round "5.11"]
[White "Gratskova, Anastasia"]
[Black "Ashotia, Barbare"]
[Result "1-0"]
[ECO "D00"]
[WhiteElo "1313"]
[BlackElo "1128"]
[Annotator "NA RC"]
[PlyCount "129"]
[EventDate "2021.10.15"]
[EventType "swiss"]
[EventCountry "NET"]
[SourceTitle "playchess.com"]
[Source "ChessBase"]
[SourceQuality "1"]
[TimeControl "5400+30"]

1. d4 d5 2. Bf4 Nf6 3. Nc3 c6 4. e3 Bf5 5. f3 Bg6 6. g4 h6 7. h4 e6 8. Bd3 Bxd3 9. Qxd3 Bd6 10. Nge2 Qc7 11. Bxd6 Qxd6 12. O-O-O Nbd7 13. e4 dxe4 14. Nxe4 Qe7 15. N2g3 O-O-O 16. c4 Nxe4 17. fxe4 f6 18. Qc3 Qd6 19. Rhf1 Qc7 20. Kb1 Nb6 21. b3 Kb8 22. Kb2 Rd7 23. c5 Nc8 24. Rf3 Rhd8 25. Qc4 Re7 26. Rd2 Qd7 27. h5 Qe8 28. Ne2 e5 29. d5 cxd5 30. exd5 Rc7 31. Qb4 e4 32. Rc3 Ka8 33. d6 Rf7 34. Rd4 f5 35. Ng3 fxg4 36. Rxe4 Qc6 37. Rc2 Qd5 38. Qd4 Qxd4+ 39. Rxd4 Rdd7 40. Rxg4 Kb8 41. b4 a6 42. Re2 Rd8 43. a4 Na7 44. Rge4 Rf3 45. R2e3 Rff8 46. Kc3 Nc8 47. Kc4 b6 48. a5 bxc5 49. bxc5 Kb7 50. Kd5 Ka8 51. Re5 Kb8 52. Rf5 Rg8 53. Rfe5 g6 54. hxg6 Rxg6 55. Nf5 Rf6 56. Nd4 Ka8 57. Nc6 Rg8 58. Ne7 Rd8 59. Nxc8 Rxc8 60. d7 Rb8 61. Re8 Rf5+ 62. Kc6 Rf6+ 63. Kc7 Ka7 64. Rxb8 Rf8 65. Rb7+ 1-0

[Event "EYCC Girls U10 2021"]
[Site "Tornelo"]
[Date "2021.10.15"]
[Round "5.12"]
[White "Ashton, Alannah"]
[Black "Kuznetsova, Ekaterina A"]
[Result "0-1"]
[ECO "B21"]
[WhiteElo "1294"]
[BlackElo "1085"]
[Annotator "NA RC"]
[PlyCount "64"]
[EventDate "2021.10.15"]
[EventType "swiss"]
[EventCountry "NET"]
[SourceTitle "playchess.com"]
[Source "ChessBase"]
[SourceQuality "1"]
[TimeControl "5400+30"]

1. e4 c5 2. d4 cxd4 3. c3 dxc3 4. Nxc3 Nc6 5. Nf3 e6 6. e5 Bb4 7. Bc4 Qa5 8. O-O Bxc3 9. bxc3 Qxc3 10. Qd6 Qxc4 11. Ba3 Nge7 12. Rfd1 O-O 13. Rac1 Qxa2 14. Rxc6 bxc6 15. Qxe7 Ba6 16. Bd6 Be2 17. Re1 Bxf3 18. gxf3 Qd5 19. Kg2 a5 20. Rg1 f6 21. Kf1 Rf7 22. exf6 Rxe7 23. Bxe7 g6 24. Rg4 Qxf3 25. Rg3 Qd1+ 26. Kg2 d6 27. Rf3 Kf7 28. Rf4 a4 29. Rh4 h5 30. Rf4 a3 31. Rb4 Qd5+ 32. Kg1 c5 0-1

[Event "EYCC Girls U10 2021"]
[Site "Tornelo"]
[Date "2021.10.15"]
[Round "6.2"]
[White "Bashirli, Saadat"]
[Black "Sultanova, Kristina"]
[Result "1-0"]
[ECO "B31"]
[WhiteElo "1284"]
[BlackElo "1293"]
[Annotator "NA RC"]
[PlyCount "87"]
[EventDate "2021.10.15"]
[EventType "swiss"]
[EventCountry "NET"]
[SourceTitle "playchess.com"]
[Source "ChessBase"]
[SourceQuality "1"]
[TimeControl "5400+30"]

1. e4 c5 2. Nf3 Nc6 3. Bb5 g6 4. O-O Bg7 5. c3 e5 6. Re1 Nge7 7. d3 h6 8. Be3 b6 9. d4 exd4 10. cxd4 cxd4 11. Nxd4 O-O 12. Nc3 Bb7 13. Nxc6 dxc6 14. Bc4 c5 15. Qg4 Nc6 16. f4 Kh7 17. Rad1 Nd4 18. Bxd4 Bxd4+ 19. Kh1 a6 20. Bd5 Bxd5 21. Nxd5 b5 22. b4 Qc8 23. Qh4 Qd8 24. Qg3 Rc8 25. bxc5 Bxc5 26. e5 Qa5 27. Nf6+ Kg7 28. f5 Rfd8 29. fxg6 fxg6 30. Qg4 Be7 31. Rf1 Rxd1 32. Rxd1 Rd8 33. Rf1 Qxa2 34. Nh5+ Kh7 35. Nf4 Qg8 36. e6 Rd6 37. h4 a5 38. h5 g5 39. Qf5+ Kh8 40. Ng6+ Kg7 41. Nxe7 Qe8 42. Qe5+ Kh7 43. Rf7+ Qxf7 44. exf7 1-0

[Event "EYCC Girls U10 2021"]
[Site "Tornelo"]
[Date "2021.10.15"]
[Round "6.3"]
[White "Zeybek, Kayla Nil"]
[Black "Aydogan, Arya"]
[Result "1-0"]
[ECO "C54"]
[WhiteElo "1221"]
[BlackElo "1250"]
[Annotator "NA RC"]
[PlyCount "77"]
[EventDate "2021.10.15"]
[EventType "swiss"]
[EventCountry "NET"]
[SourceTitle "playchess.com"]
[Source "ChessBase"]
[SourceQuality "1"]
[TimeControl "5400+30"]

1. e4 e5 2. Nf3 Nc6 3. Bc4 Bc5 4. c3 Nf6 5. d4 exd4 6. e5 d5 7. Bb5 Ne4 8. cxd4 Bb6 9. Nc3 O-O 10. O-O Bg4 11. Be3 Ne7 12. h3 Bh5 13. Qc2 Bg6 14. Bd3 f5 15. Rac1 c6 16. Ne2 Rc8 17. b4 Bh5 18. Nf4 Bf7 19. a4 g5 20. Ne2 f4 21. Bd2 Bg6 22. a5 Bc7 23. Nh2 Kg7 24. Be1 Nf5 25. Ng4 f3 26. gxf3 h5 27. Nh2 g4 28. fxe4 Nh4 29. hxg4 hxg4 30. exd5 Qxd5 31. f3 Nxf3+ 32. Nxf3 gxf3 33. Bxg6 fxe2 34. Rxf8 Rxf8 35. Qxe2 Qxd4+ 36. Bf2 Qd8 37. Qg4 Rg8 38. Rd1 Qf8 39. Rd7+ 1-0

[Event "EYCC Girls U10 2021"]
[Site "Tornelo"]
[Date "2021.10.15"]
[Round "6.4"]
[White "Asachenko, Ksenia"]
[Black "Blinova, Sofia"]
[Result "1/2-1/2"]
[ECO "C42"]
[WhiteElo "1382"]
[BlackElo "1297"]
[Annotator "NA RC"]
[PlyCount "42"]
[EventDate "2021.10.15"]
[EventType "swiss"]
[EventCountry "NET"]
[SourceTitle "playchess.com"]
[Source "ChessBase"]
[SourceQuality "1"]
[TimeControl "5400+30"]

1. e4 e5 2. Nf3 Nf6 3. Nxe5 d6 4. Nf3 Nxe4 5. Bd3 Nf6 6. O-O Be7 7. Re1 O-O 8. c3 Bg4 9. Bc2 Nbd7 10. d4 d5 11. Qd3 Bh5 12. Ne5 Bg6 13. Nxg6 fxg6 14. Bg5 Bd6 15. h3 h6 16. Bxh6 Ne4 17. Be3 Qh4 18. Rf1 Ng3 19. Re1 Ne4 20. Rf1 Ng3 21. Re1 Ne4 1/2-1/2

[Event "EYCC Girls U10 2021"]
[Site "Tornelo"]
[Date "2021.10.15"]
[Round "6.5"]
[White "Lajdamik, Kinga"]
[Black "Semenova, Vasilisa"]
[Result "1/2-1/2"]
[ECO "B13"]
[WhiteElo "1367"]
[BlackElo "1305"]
[Annotator "NA RC"]
[PlyCount "108"]
[EventDate "2021.10.15"]
[EventType "swiss"]
[EventCountry "NET"]
[SourceTitle "playchess.com"]
[Source "ChessBase"]
[SourceQuality "1"]
[TimeControl "5400+30"]

1. e4 c6 2. d4 d5 3. exd5 cxd5 4. Bd3 Nc6 5. c3 Nf6 6. Bf4 Bg4 7. Ne2 e6 8. O-O Be7 9. Re1 O-O 10. Qd2 a6 11. Ng3 Bh5 12. Qe3 Bg6 13. Bxg6 hxg6 14. Qd3 b5 15. Nd2 Qb6 16. Nf3 Rac8 17. Ne5 Nxe5 18. Bxe5 Nd7 19. Bf4 Bf6 20. Nf1 b4 21. Nd2 bxc3 22. bxc3 Qa5 23. Bd6 Rfd8 24. Bb4 Qa4 25. Nb3 Re8 26. f4 Be7 27. Ba5 Bd8 28. Qxa6 Bxa5 29. Qxa5 Qxa5 30. Nxa5 Rxc3 31. Nb3 Nb6 32. Rec1 Rec8 33. Kf2 Rxc1 34. Rxc1 Ra8 35. Ra1 Ra3 36. Ke2 Nc4 37. Kd3 Na5 38. Rb1 Rxa2 39. Nxa5 Rxa5 40. Rb8+ Kh7 41. Rb7 Ra3+ 42. Ke2 Ra4 43. Ke3 Ra2 44. Rxf7 Rxg2 45. Re7 Rxh2 46. Rxe6 Rh3+ 47. Ke2 Rh5 48. Re5 Kg8 49. Kf3 Kf7 50. Kg4 Kf6 51. Re3 Rf5 52. Re5 Rh5 53. Re3 Rh8 54. Re5 Rh5 1/2-1/2

[Event "EYCC Girls U10 2021"]
[Site "Tornelo"]
[Date "2021.10.15"]
[Round "6.6"]
[White "Sokolova, Regina"]
[Black "Valiyeva, Asnad"]
[Result "1-0"]
[ECO "B17"]
[WhiteElo "1364"]
[BlackElo "1173"]
[Annotator "NA RC"]
[PlyCount "199"]
[EventDate "2021.10.15"]
[EventType "swiss"]
[EventCountry "NET"]
[SourceTitle "playchess.com"]
[Source "ChessBase"]
[SourceQuality "1"]
[TimeControl "5400+30"]

1. e4 c6 2. d4 d5 3. Nc3 dxe4 4. Nxe4 Nd7 5. Ng5 Ngf6 6. Bd3 Nb6 7. c3 Bg4 8. Ne2 e6 9. O-O Be7 10. Qc2 h6 11. Ne4 Nxe4 12. Bxe4 Bxe2 13. Qxe2 O-O 14. Bc2 Qd7 15. Re1 Nd5 16. Qg4 f5 17. Qe2 Rf6 18. Bb3 Raf8 19. Bxd5 Qxd5 20. Qe5 Bd6 21. Qxd5 exd5 22. Bd2 Rg6 23. Re2 f4 24. f3 Rgf6 25. Rae1 g5 26. h4 gxh4 27. Kf2 Kf7 28. Rh1 Rg8 29. Rxh4 b6 30. Re1 Rfg6 31. Rg1 Rf6 32. Rgh1 Rgg6 33. Rg4 Rf5 34. Re1 Rfg5 35. Rxg5 Rxg5 36. Rh1 Rg6 37. Rh4 Rf6 38. Rh5 Kg6 39. Rh4 h5 40. Rh1 c5 41. Re1 Kf7 42. b3 Rf5 43. Rc1 Be7 44. Kf1 h4 45. Be1 Rh5 46. Bd2 Rf5 47. Kf2 Ke6 48. Rh1 Kd7 49. Ke2 Bg5 50. Be1 cxd4 51. cxd4 Bf6 52. Kd3 Rh5 53. Bd2 Rf5 54. Rc1 Be7 55. Rh1 Ke6 56. Be1 a5 57. Bxh4 Bxh4 58. Rxh4 Rf6 59. Rg4 Kd6 60. a3 Kc6 61. g3 fxg3 62. Rxg3 Kb7 63. Ke2 Ka6 64. Rg5 Rd6 65. Re5 Kb5 66. Kd3 Kc6 67. f4 Rh6 68. f5 Kd6 69. Ke2 b5 70. Kf2 Rh3 71. Re6+ Kd7 72. Re3 Rh4 73. Kg3 Rxd4 74. f6 Rd1 75. Kg4 Rf1 76. Kg5 Kd6 77. Kg6 d4 78. Re8 Kd5 79. f7 a4 80. bxa4 bxa4 81. f8=Q Rxf8 82. Rxf8 Kc4 83. Kf5 d3 84. Ke4 d2 85. Rd8 Kb3 86. Rxd2 Kxa3 87. Rd3+ Kb2 88. Rd2+ Kb3 89. Rd3+ Kb2 90. Rd2+ Kb3 91. Rd8 a3 92. Kd3 a2 93. Rb8+ Ka3 94. Kc2 a1=N+ 95. Kc3 Ka2 96. Rb7 Nb3 97. Rxb3 Ka1 98. Kc2 Ka2 99. Rg3 Ka1 100. Ra3# 1-0

[Event "EYCC Girls U10 2021"]
[Site "Tornelo"]
[Date "2021.10.15"]
[Round "6.7"]
[White "Siskou, Evangelia"]
[Black "Kutateladze, Anastasia"]
[Result "0-1"]
[ECO "B80"]
[WhiteElo "1341"]
[BlackElo "1137"]
[Annotator "NA RC"]
[PlyCount "106"]
[EventDate "2021.10.15"]
[EventType "swiss"]
[EventCountry "NET"]
[SourceTitle "playchess.com"]
[Source "ChessBase"]
[SourceQuality "1"]
[TimeControl "5400+30"]

1. e4 c5 2. Nf3 e6 3. g3 Nc6 4. Bg2 Nf6 5. Nc3 d6 6. O-O Be7 7. d4 cxd4 8. Nxd4 Nxd4 9. Qxd4 e5 10. Qa4+ Bd7 11. Qb3 Rb8 12. f4 O-O 13. Be3 Be6 14. Qb5 a6 15. Qb6 Qc8 16. Bf2 exf4 17. gxf4 Bh3 18. Qe3 Bxg2 19. Kxg2 b5 20. Rac1 b4 21. Ne2 Qe6 22. Ng3 Qxa2 23. b3 Qa5 24. Nf5 Rfe8 25. Qg3 g6 26. Qg5 Qc7 27. e5 dxe5 28. fxe5 Nd5 29. Nh6+ Kg7 30. Nf5+ Kh8 31. Nxe7 Qxe7 32. Qxe7 Nxe7 33. Bg3 Nf5 34. Bf4 Re6 35. Rcd1 Nh4+ 36. Kh3 Nf5 37. Rd7 Rc8 38. Rf2 Rc3+ 39. Kg4 h5+ 40. Kg5 Kg7 41. Bg3 Re3 42. Rf1 Re4 43. h3 Kg8 44. Rd8+ Kg7 45. Rd7 Kf8 46. Bf4 Re2 47. Rd8+ Ke7 48. Rfd1 Rg2+ 49. Bg3 Rxg3+ 50. Kf4 Rc6 51. R1d7+ Ke6 52. Rd2 g5+ 53. Ke4 Re3# 0-1

[Event "EYCC Girls U10 2021"]
[Site "Tornelo"]
[Date "2021.10.15"]
[Round "6.8"]
[White "Kuznetsova, Ekaterina A"]
[Black "Gratskova, Anastasia"]
[Result "1/2-1/2"]
[ECO "E22"]
[WhiteElo "1085"]
[BlackElo "1313"]
[Annotator "NA RC"]
[PlyCount "97"]
[EventDate "2021.10.15"]
[EventType "swiss"]
[EventCountry "NET"]
[SourceTitle "playchess.com"]
[Source "ChessBase"]
[SourceQuality "1"]
[TimeControl "5400+30"]

1. d4 Nf6 2. c4 e6 3. Nc3 Bb4 4. Qb3 c5 5. dxc5 Bxc5 6. Bg5 Bxf2+ 7. Kxf2 Ng4+ 8. Ke1 Qxg5 9. Ne4 Qa5+ 10. Nd2 O-O 11. Ngf3 Nc6 12. h3 Nf6 13. e3 d5 14. cxd5 exd5 15. Be2 Ne4 16. Rd1 Ng3 17. Rg1 Re8 18. Kf2 Nxe2 19. Kxe2 Rb8 20. Rge1 Be6 21. Qc2 Nb4 22. Qc3 Qb5+ 23. Kf2 Nd3+ 24. Kg1 Nxe1 25. Rxe1 Rbc8 26. Qd4 Qc5 27. Qf4 f6 28. Nd4 Bd7 29. N2b3 Qb4 30. Qf2 a5 31. a3 Qb6 32. Nc1 Re7 33. Nd3 Rce8 34. Qf3 Qd6 35. Nf4 Re4 36. Nd3 g6 37. Nb3 b6 38. Nd4 f5 39. Kf2 b5 40. Nb3 Rc8 41. Nd4 b4 42. axb4 axb4 43. Re2 Kg7 44. Nf4 Be8 45. Qg3 Kf7 46. Qh4 h5 47. Qg5 Rc5 48. Qh6 Ke7 49. Re1 1/2-1/2

[Event "EYCC Girls U10 2021"]
[Site "Tornelo"]
[Date "2021.10.15"]
[Round "6.9"]
[White "Nahapetyan, Ani"]
[Black "Figa, Karolina"]
[Result "1/2-1/2"]
[ECO "B13"]
[WhiteElo "1075"]
[BlackElo "1411"]
[Annotator "NA RC"]
[PlyCount "103"]
[EventDate "2021.10.15"]
[EventType "swiss"]
[EventCountry "NET"]
[SourceTitle "playchess.com"]
[Source "ChessBase"]
[SourceQuality "1"]
[TimeControl "5400+30"]

1. e4 c6 2. d4 d5 3. exd5 cxd5 4. Bd3 Nc6 5. c3 Nf6 6. h3 g6 7. Qc2 Bg7 8. Nf3 O-O 9. O-O a6 10. a4 b6 11. Nbd2 Bb7 12. Re1 Rc8 13. Nf1 Re8 14. Be3 Nb4 15. Qe2 Nxd3 16. Qxd3 Ne4 17. N1d2 Nd6 18. b3 b5 19. axb5 axb5 20. Rec1 Qb6 21. Rab1 Qc6 22. Bf4 Ba6 23. b4 Nc4 24. Nxc4 Qxc4 25. Qxc4 Rxc4 26. Ra1 Rc6 27. Kf1 Bc8 28. Ra5 Bf5 29. Ke2 Rb6 30. Rca1 Rc8 31. Kd2 Be4 32. Ne1 Bf5 33. Ra6 Rb7 34. Ra7 Rd7 35. Rxd7 Bxd7 36. Ra7 Bc6 37. Rxe7 Bf6 38. Rc7 Rxc7 39. Bxc7 Bg5+ 40. Kd3 Bd7 41. Nf3 Bf5+ 42. Ke2 Bf6 43. Ke3 Be4 44. Bd6 Bxf3 45. Kxf3 Bg5 46. Ke2 f5 47. g4 fxg4 48. hxg4 Kf7 49. Be5 h5 50. gxh5 gxh5 51. f4 Bh4 52. f5 1/2-1/2